 Dungeon Crawl Stone Soup version 0.24-a0-434-gd57e52fea8 (webtiles) character file.

Game seed: 14467529623902101936

622 Pixllover the Chopper (level 7, 0/61 HPs)
             Began as a Minotaur Berserker on June 16, 2019.
             Was an Elder of Trog.
             Slain by an ogre
             ... wielding a +0 giant club
              (18 damage)
             ... on level 5 of the Dungeon.
             The game lasted 00:08:55 (3253 turns).

Pixllover the Chopper (Minotaur Berserker)          Turns: 3253, Time: 00:08:56

Health: 0/61       AC: 11    Str: 23    XL:     7   Next: 22%
Magic:  6/6        EV:  9    Int:  4    God:    Trog [****..]
Gold:   272        SH:  0    Dex: 10    Spells: 6/6 levels left

rFire    + . .     SeeInvis .   a - +0 hand axe
rCold    + . .     Gourm    .   (no shield)
rNeg     . . .     Faith    .   m - +0 chain mail
rPois    .         Spirit   .   (helmet unavailable)
rElec    .         Reflect  .   (no cloak)
rCorr    .         Harm     .   (no gloves)
MR       .....                  (no boots)
Stlth    ..........             f - amulet of rage
HPRegen  0.20/turn              l - ring of protection from cold
MPRegen  0.10/turn              s - ring of protection from fire

@: no status effects
A: retaliatory headbutt, horns 3, yellow scales 1, high mp 1, no potion heal 1
a: Berserk, Trog's Hand, Brothers in Arms, Renounce Religion, Evoke Berserk Rage


You were on level 5 of the Dungeon.
You worshipped Trog.
Trog was greatly pleased with you.
You were not hungry.

You visited 1 branch of the dungeon, and saw 5 of its levels.

You collected 272 gold pieces.

Inventory:

Hand Weapons
 a - a +0 hand axe (weapon)
Missiles
 x - 4 boomerangs (quivered)
Armour
 b - a +0 animal skin
 i - a +0 leather armour
 m - a +0 chain mail (worn)
Jewellery
 f - an amulet of rage (around neck)
 l - a ring of protection from cold (left hand)
 s - a ring of protection from fire (right hand)
Wands
 t - a wand of random effects (13)
 u - a wand of disintegration (19)
Scrolls
 d - a scroll of teleportation {unknown}
 e - 2 scrolls of magic mapping {unknown}
 h - 3 scrolls of identify
 j - a scroll of fear {unknown}
 n - a scroll of remove curse {unknown}
 v - 2 scrolls of fog {unknown}
 w - a scroll of immolation {unknown}
 y - a scroll of amnesia {unknown}
 A - a scroll of enchant armour {unknown}
Potions
 g - 4 potions of heal wounds {unknown}
 k - a potion of flight {unknown}
 o - a potion of curing {unknown}
 p - a potion of ambrosia {unknown}
 q - a potion of degeneration {unknown}
 r - a potion of resistance {unknown}
 z - 2 potions of lignification {unknown}
Comestibles
 c - 10 rations
 B - 2 chunks of flesh


   Skills:
 + Level 5.2 Fighting
 + Level 7.5 Axes
 + Level 5.3 Armour
 + Level 2.9 Dodging
 + Level 0.4 Stealth


You had 6 spell levels left.
You didn't know any spells.
Your spell library was empty.

Dungeon Overview and Level Annotations

Branches:
Dungeon (5/15)             Temple (0/1) D:5

Altars:
Dithmenos
Gozag
Kikubaaqudgha
Qazlal
Ru


Innate Abilities, Weirdness & Mutations

You reflexively headbutt those who attack you in melee.
You have a pair of large horns on your head.
You are partially covered in yellow scales. (AC +2)
You have an increased reservoir of magic. (+10% MP)
Potions are less effective at restoring your health.


Message History

You hit the orc but do no damage.
The orc is almost dead.
The orc closely misses you. You furiously retaliate!
You headbutt the orc.
You kill the orc!
Trog accepts your kill.
You can now call in reinforcements.
You now have 272 gold pieces (gained 6).
An ogre comes into view. It is wielding a +0 giant club.
The ogre shouts!
The ogre hits you with a +0 giant club!
You slash the ogre!
The ogre is moderately wounded.
The ogre hits you with a +0 giant club!
You barely miss the ogre.
The ogre is moderately wounded.
The ogre hits you with a +0 giant club!
* * * LOW HITPOINT WARNING * * *
You hit the ogre. You headbutt the ogre!
The ogre is almost dead.
The ogre hits you with a +0 giant club!!
You die...

####### #########
#.....# #.......#
#####.....## #.......#
......._...####.......#
.......(........@.....#
..........#####.O.....#
..........# #.......#
..........# #.......#
..........# ......###
########.## #.##.#.#
....>..).## .. .#.#
......)...##..# .#.#
...............


You could see an ogre.

Vanquished Creatures
  A sky beast (D:5)
  A bullfrog (D:4)
  A howler monkey (D:4)
  A crimson imp (D:5)
  An orc wizard (D:5)
  An iguana (D:4)
  A centaur skeleton (D:3)
  Jessica (D:2)
  A worker ant (D:4)
  6 adders
  7 gnolls
  An ooze (D:1)
  An adder zombie (D:3)
  4 dart slugs
  3 leopard geckos
  12 orcs
  2 ball pythons
  8 bats
  9 giant cockroaches
  4 goblins (D:1)
  6 hobgoblins
  7 jackals
  9 frilled lizards
  A jackal zombie (D:4)
  4 kobolds
  17 rats
110 creatures vanquished.

Notes
Turn   | Place    | Note
-------+----------+-------------------------------------------
     0 | D:1      | Pixllover the Minotaur Berserker began the quest for the
                  | Orb.
     0 | D:1      | Reached XP level 1. HP: 19/19 MP: 0/0
    79 | D:1      | Reached XP level 2. HP: 20/27 MP: 1/1
   171 | D:1      | Reached skill level 4 in Axes
   324 | D:1      | Reached XP level 3. HP: 33/33 MP: 2/2
   442 | D:1      | Reached ** piety under Trog
   568 | D:1      | Gained mutation: You expend magic power (3 MP) to
                  | strengthen your wands. [potion of mutation]
   568 | D:1      | Gained mutation: Potions are less effective at restoring
                  | your health. [potion of mutation]
   568 | D:1      | Gained mutation: You have a pair of large horns on your
                  | head. [potion of mutation]
   568 | D:1      | Gained mutation: You possess an exceptional clarity of
                  | mind. [potion of mutation]
   569 | D:1      | Lost mutation: You expend magic power (3 MP) to strengthen
                  | your wands. [potion of mutation]
   569 | D:1      | Lost mutation: You possess an exceptional clarity of mind.
                  | [potion of mutation]
   569 | D:1      | Gained mutation: You have an increased reservoir of magic.
                  | (+10% MP) [potion of mutation]
   569 | D:1      | Gained mutation: You are partially covered in yellow
                  | scales. (AC +2) [potion of mutation]
   919 | D:2      | Found a stormy altar of Qazlal.
   920 | D:2      | Found a shadowy altar of Dithmenos.
   969 | D:2      | Noticed Jessica
   972 | D:2      | Killed Jessica
   972 | D:2      | Reached skill level 5 in Axes
   972 | D:2      | Reached XP level 4. HP: 41/41 MP: 3/3
  1380 | D:2      | Found a sacrificial altar of Ru.
  1382 | D:2      | Found an ancient bone altar of Kikubaaqudgha.
  1559 | D:3      | Reached XP level 5. HP: 38/47 MP: 4/4
  1601 | D:3      | Reached *** piety under Trog
  1678 | D:3      | Reached skill level 6 in Axes
  2205 | D:4      | Reached skill level 5 in Fighting
  2205 | D:4      | Reached XP level 6. HP: 52/56 MP: 5/5
  2751 | D:4      | Reached skill level 7 in Axes
  3108 | D:5      | Entered Level 5 of the Dungeon
  3108 | D:5      | Noticed a sky beast
  3127 | D:5      | Killed a sky beast
  3127 | D:5      | Reached skill level 5 in Armour
  3127 | D:5      | Reached XP level 7. HP: 27/61 MP: 6/6
  3134 | D:5      | Found a staircase to the Ecumenical Temple.
  3229 | D:5      | Found an opulent altar of Gozag.
  3237 | D:5      | Reached **** piety under Trog
  3253 | D:5      | Slain by an ogre

Levels and vault maps discovered:
D:1:      dpeg_arrival_short_road, layout_loops_ring, minmay_pentomino_t2
D:2:      layout_loops_ring, nicolae_overflow_hidden_temple, uniq_jessica
D:3:      layout_loops_ring
D:4:      layout_loops_corners, first_ration, enter_ossuary_3
D:5:      layout_rooms, grunt_temple_overflow_open,
          minmay_temple_entry_purple_smoke, basic_altar, serial_shops, shop,
          minmay_ogre_servants

Skill      XL: |  1  2  3  4  5  6 |
---------------+-------------------+-----
Fighting       | 4 5 |  5.2
Axes           | 4 5 6 7 |  7.5
Armour         | 3 4 5 |  5.3
Dodging        | |  2.9
Stealth        | |  0.4

Action                   |  1- 3 |  4- 6 |  7- 9 || total
-------------------------+-------+-------+-------++-------
Melee: Hand axe          |    83 |   161 |    18 ||   262
       Headbutt          |    11 |    29 |     3 ||    43
  Use: Potion            |     2 |       |       ||     2
       Scroll            |       |     2 |       ||     2
  Eat: Chunk             |       |     7 |     1 ||     8
Armor: Animal skin       |     5 |       |       ||     5
       Leather armour    |     5 |       |       ||     5
       Chain mail        |    14 |   102 |    11 ||   127
Dodge: Dodged            |    54 |    79 |    16 ||   149

Table legend:
 A = Non-vault XP
 B = Vault XP
 C = Vault XP percentage of total XP
 D = Non-vault monster count
 E = Vault monster count
 F = Vault count percentage of total count
                 A         B        C        D         E       F
            +---------+---------+-------+---------+---------+-------
      Total |     848 |      41 |   4.6 |     106 |       4 |   3.6
            +---------+---------+-------+---------+---------+-------
        D:1 |      56 |       3 |   5.1 |      29 |       2 |   6.5
        D:2 |      66 |      37 |  35.9 |      18 |       1 |   5.3
        D:3 |     133 |       0 |   0.0 |      31 |       0 |   0.0
        D:4 |     343 |       1 |   0.3 |      19 |       1 |   5.0
        D:5 |     250 |       0 |   0.0 |       9 |       0 |   0.0
            +---------+---------+-------+---------+---------+-------
